 Dungeon Crawl Stone Soup version 0.29.1-15-g9cfb28693d (webtiles) character file.

Game seed: 15953544893230857435

42 Ast3rio the Gusty (level 3, -4/19 HPs)
             Began as a Deep Elf Air Elementalist on Mar 10, 2023.
             Slain by a gnoll
             ... wielding a +0 spear
              (5 damage)
             ... on level 2 of the Dungeon.
             The game lasted 00:02:51 (1343 turns).

Ast3rio the Gusty (Deep Elf Air Elementalist)       Turns: 1343, Time: 00:02:52

Health: -4/19      AC:  2    Str:  5    XL:     3   Next: 35%
Magic:  0/10       EV: 12    Int: 21    God:
Gold:   56         SH:  0    Dex: 15    Spells: 6/9 levels left

rFire   . . .      SeeInvis .   f - +1 short sword (speed)
rCold   . . .      Faith    .   (no shield)
rNeg    . . .      Spirit   .   a - +0 robe
rPois   .          Reflect  .   (no helmet)
rElec   .          Harm     .   (no cloak)
rCorr   .          Rampage  .   (no gloves)
Will    .....                   (no boots)
Stlth   ++........              g - amulet of the acrobat
HPRegen 0.06/turn               e - ring of flight
MPRegen 0.12/turn               (no ring)

@: flying
A: no striking features
a: no special abilities


You were on level 2 of the Dungeon.
You visited 1 branch of the dungeon, and saw 2 of its levels.

You collected 56 gold pieces.

Inventory:

Hand Weapons
 f - a +1 short sword of speed (weapon)
Armour
 a - a +0 robe (worn)
Jewellery
 e - a ring of flight (left hand)
 g - an amulet of the acrobat (around neck)
Potions
 b - a potion of magic
 c - 2 potions of curing {unknown}
 d - a potion of might {unknown}


   Skills:
 + Level 2.4 Dodging
 + Level 2.5 Stealth
 + Level 3.7 Spellcasting
 + Level 1.7 Conjurations
 * Level 3.8 Air Magic


You had 6 spell levels left.
You knew the following spells:

 Your Spells              Type           Power      Damage    Failure   Level
a - Shock                 Conj/Air       60%        1d6       4%          1
b - Static Discharge      Conj/Air       15%        3-5/arc   6%          2

Your spell library contained the following spells:

 Spells                   Type           Power      Damage    Failure   Level
 Swiftness                Air            19%        N/A       8%          3
 Poisonous Vapours        Pois/Air       22%        N/A       9%          2
 Slow                     Hex            12%        N/A       12%         1
 Sting                    Tmut/Pois      12%        1d3       12%         1
 Airstrike                Air            9%         2d(2-18)  26%         4
 Confusing Touch          Hex            3%         N/A       36%         3
 Vampiric Draining        Necr           3%         2d6       36%         3
 Olgreb's Toxic Radiance  Pois           3%         N/A       77%         4


Dungeon Overview and Level Annotations

Branches:
Dungeon (2/15)

Altars:


Message History

Aiming: Shock (safe; 4% risk of failure)
Press: ? - help, Shift-Dir - straight line, f/p - gnoll
Aim: a gnoll, wielding a +0 club (heavily wounded, 72% to hit)
The zap misses the gnoll.
The zap hits the gnoll.
The gnoll is severely wounded.
The zap hits the gnoll.
The gnoll is moderately wounded.
The gnoll shouts!
Casting: Shock (safe; 4% risk of failure)
Confirm with . or Enter, or press ? or * to list all spells.
Aiming: Shock (safe; 4% risk of failure)
Press: ? - help, Shift-Dir - straight line, f/p - gnoll
Aim: a gnoll, wielding a +0 club (severely wounded, 72% to hit)
The zap hits the gnoll.
The gnoll is almost dead.
The zap hits the gnoll.
You kill the gnoll!
You have reached level 3!
Your experience leads to an increase in your attributes!
Increase (S)trength, (I)ntelligence, or (D)exterity?
You feel clever. x2
A gnoll comes into view. It is wielding a +0 club.
The gnoll hits you from afar with a +0 halberd!
Ouch! That really hurt!
The gnoll moves out of view.
The gnoll completely misses you. The gnoll completely misses you.
The gnoll misses you.
You barely miss the gnoll.
The gnoll is almost dead.
The gnoll shouts!
You hit the gnoll.
You kill the gnoll!
The gnoll hits you with a +0 spear.
* * * LOW HITPOINT WARNING * * *
You closely miss the adder.
The adder is lightly wounded.
The adder bites you.
* * * LOW HITPOINT WARNING * * *
The gnoll hits you with a +0 spear.
You die...

.....# .....# #..
.....# .. .....###
.† ##.#...## )#
#..###..# .###
#.#####.### ##g))
..###.....### #Sg#
.###<.##....####@#
.###.##...#.##...#
.##..##.###.##.###
.##.###.# #..#)#
....# #.# ##...#
..### #.####..##
....# #.##.....##.
....#
#.##........#
....#
#....###....#


You could see 2 gnolls and an adder.

Vanquished Creatures
  2 gnolls (D:2)
  An orc (D:2)
  An endoplasm (D:2)
  A giant cockroach (D:1)
  6 goblins
  A hobgoblin (D:2)
  2 kobolds (D:1)
  A ball python (D:1)
  3 bats
  2 rats
20 creatures vanquished.

Notes
Turn   | Place    | Note
-------+----------+-------------------------------------------
     0 | D:1      | Ast3rio the Deep Elf Air Elementalist began the quest for
                  | the Orb.
     0 | D:1      | Reached XP level 1. HP: 10/10 MP: 6/6
   641 | D:1      | Found a faded altar of an unknown god.
   663 | D:1      | Reached XP level 2. HP: 15/15 MP: 5/8
   684 | D:1      | Learned a level 2 spell: Static Discharge
  1337 | D:2      | Reached XP level 3. HP: 19/19 MP: 0/10
  1343 | D:2      | Slain by a gnoll

Illustrated notes

Levels and vault maps discovered:
D:1:      zelgadis_glass_arrival_small, layout_basic,
          dilly_ecumenical_altar_fadedgnrine, minmay_strange_pillars,
          due_unseen_surprise
D:2:      layout_rooms, dreamdust_wishing_well

Action                   || total
-------------------------++-------
Melee: Unarmed           ||     8
       Short sword       ||     3
 Cast: Shock             ||    33
Armor: Robe              ||     2
Dodge: Dodged            ||     5
